AoeStats
← nolafraneckicpequ

Fortress

510968985Analyzed
1v1 RM · 15h ago on Oct 3, 2026· 25m 28s· 2 players
Game mode
Random Map
Map size
Small (3 player)
Population
200
Speed
Normal
Resources
Standard
Victory
Conquest
Starting age
Dark Age
Ending age
Imperial Age
RankedLock teamsTeams togetherTeam positionsShared explorationLock speedFull tech treeHidden civsTurbo modeCheats
Victory
Defeat
🇨🇳 Britons · China
857
+29
🇧🇷 Turks · Brazil
886
-17
nolafraneckicpequ
8:44 Feudal Age
10:36 Horse Collar
10:42 Double-Bit Axe
10:50 Gold Mining
13:29 Castle Age
14:52 Loom
17:52 Imperial Age
16:11 Padded Archer Armor
16:26 Bow Saw
16:59 Fletching
17:12 Padded Archer Armor
18:37 Bodkin Arrow
23:53 Ballistics
23:56 Bracer
26:19 Chemistry
26:28 Conscription
Emillyvitoria
6:19 Loom
8:18 Feudal Age
12:05 Double-Bit Axe
14:33 Castle Age
19:06 Imperial Age
17:50 Padded Archer Armor
Connection lost

Rejoining the realm…

Still unreachable

The connection could not be restored.

Session expired

The server has moved on; the page needs a fresh start.